 Dungeon Crawl Stone Soup version 0.32-a0-871-ge202e49faa (webtiles) character file.

Game seed: 10281643144816790153

3278 Autsider the Summoner (level 9, -7/44 HPs)
             Began as a Felid Summoner on Mar 29, 2024.
             Mangled by an ogre
             ... wielding a +0 glaive
              (11 damage)
             ... in a bailey.
             The game lasted 00:25:06 (6948 turns).

Autsider the Summoner (Felid Summoner)              Turns: 6948, Time: 00:25:07

Health: -7/44      AC:  2    Str: 10    XL:     9   Next: 69%
Magic:  6/19       EV: 19    Int: 24    God:
Gold:   448        SH:  0    Dex: 16    Spells: 7/21 levels left
                                        Lives:  0   Deaths: 3

rFire   . . .        (weapon unavailable)
rCold   . . .        (shield unavailable)
rNeg    . . .        (body armour unavailable)
rPois   .            (helmet unavailable)
rElec   .            (cloak unavailable)
rCorr   .            (gloves unavailable)
SInv    +            (boots unavailable)
Will    +....        A - amulet of magic regeneration
Stlth   +++          e - ring of flight
HPRegen 0.27/turn    k - +6 ring of strength
MPRegen 0.56/turn

%: no passive effects
@: unable to call your familiar, flying
A: very small, claws 1, fangs 3, see invisible, shaggy fur 2, stealthy paws, no
weapons or thrown items, no armour, multi-lived
a: no special abilities


You were in a bailey.
You visited 1 branch of the dungeon, and saw 7 of its levels.
You also visited: Bailey.

You collected 448 gold pieces.

Inventory:

Jewellery
 e - a ring of flight (left paw)
 k - a +6 ring of strength (right paw)
 l - an amulet of regeneration
 A - an amulet of magic regeneration (around neck)
 C - a ring of protection from fire
Wands
 E - a wand of warping (13)
Scrolls
 c - 4 scrolls of identify
 d - 4 scrolls of enchant weapon {unknown}
 g - 6 scrolls of immolation
 j - a scroll of fear {unknown}
 m - a scroll of blinking {unknown}
 q - a scroll of vulnerability {unknown}
 t - a scroll of teleportation {unknown}
 u - a scroll of poison {unknown}
 v - a scroll of silence {unknown}
 w - 2 scrolls of enchant armour {unknown}
 x - a scroll of revelation {unknown}
 y - a scroll of noise {unknown}
Potions
 a - 2 potions of magic
 f - a potion of attraction {unknown}
 h - 2 potions of enlightenment {unknown}
 i - a potion of ambrosia {unknown}
 n - 3 potions of haste {unknown}
 o - a potion of might {unknown}
 p - 2 potions of curing {unknown}
 r - 2 potions of mutation {unknown}
 s - 2 potions of brilliance {unknown}
 z - a potion of heal wounds {unknown}
 B - a potion of degeneration {unknown}
 D - a potion of resistance {unknown}


   Skills:
 + Level 3.6 Fighting
 + Level 5.8 Dodging
 + Level 6.3 Stealth
 + Level 6.6 Spellcasting
 + Level 8.0 Summonings
 - Level 5.0 Fire Magic
 + Level 3.1 Air Magic


You had 7 spell levels left.
You knew the following spells:

 Your Spells              Type           Power      Damage    Failure   Level
a - Call Canine Familiar  Summ           46%        N/A       1%          3
b - Summon Blazeheart Go  Fire/Summ      39%        N/A       4%          4
c - Summon Lightning Spi  Summ/Air       34%        N/A       8%          4
d - Call Imp              Summ           92%        N/A       1%          2
e - Summon Small Mammal   Summ           100%       N/A       1%          1

Your spell library contained the following spells:

 Spells                   Type           Power      Damage    Failure   Level
 Apportation              Tloc           14%        N/A       8%          1
 Necrotise                Necr           28%        1d5       8%          1
 Sandblast                Erth           14%        2d6       8%          1
 Sting                    Conj/Alch      28%        1d4       8%          1
 Fugue of the Fallen      Necr           7%         N/A       22%         3
 Ozocubu's Armour         Ice            7%         N/A       22%         3
 Sigil of Binding         Hex            7%         N/A       22%         3
 Stone Arrow              Conj/Erth      14%        3d7       22%         3
 Brom's Barrelling Bould  Conj/Erth      7%         2d3       58%         4
 Death Channel            Necr           3%         N/A       100%        6
 Sculpt Simulacrum        Ice/Alch       3%         N/A       100%        6
 Manifold Assault         Tloc           3%         N/A       100%        7


Dungeon Overview and Level Annotations

Branches:
Dungeon (7/15)             Bailey (1/1)
 Temple: D:4-7

Altars:
Cheibriados
Dithmenos
Elyvilon
Okawaru
Xom
Yredelemnul

Shops:
D:5 =


Innate Abilities, Weirdness & Mutations

You have sharp claws.
You have razor-sharp teeth.
You have supernaturally acute eyesight. (SInv)
You are covered in thick fur. (AC +2)
Your paws help you pounce on unaware monsters.
You are incapable of wielding weapons or throwing items.
You cannot wear armour.
You gain extra lives every three experience levels.


Message History

Your inugami disappears in a puff of smoke!
The ogre hits your blazeheart golem with a +0 halberd!!
The ogre hits your blazeheart golem with a +0 glaive!!
Your blazeheart golem falls apart and the last of its fire goes out.
You hear a shout!
Casting: Call Canine Familiar (safe; 1% risk of failure)
Confirm with . or Enter, or press ? or * to list all spells.
A fiery spirit appears, bound in slag iron.
You hear an angry hiss.
The ogre hits you from afar with a +0 glaive!!
Ouch! That really hurt!
* * * LOW HITPOINT WARNING * * *
Your blazeheart golem completely misses the ogre.
The ogre hits your blazeheart golem with a +0 halberd!!
The ogre hits your blazeheart golem with a +0 glaive!
Your blazeheart golem's core grows cold and it stops moving.
Casting: Summon Blazeheart Golem (dangerous; 5% risk of failure)
Confirm with . or Enter, or press ? or * to list all spells.
An electric hum fills the air.
The ogre hits your blazeheart golem with a +0 glaive!!
The ogre hits your blazeheart golem with a +0 glaive!
A spriggan comes into view. It is wielding a +0 trident.
Your lightning spire shoots out a bolt of lightning at the ogre!
The bolt of electricity hits the ogre.
You feel a bit more experienced.
You hear two shouts!
As you read the scroll labelled LISEEPUSET, it dissolves into smoke.
It was a scroll of fog.
You hear a shout!
Something hits your lightning spire!
You hear an angry hiss.
Okay, then.
Casting: Summon Lightning Spire (quite dangerous; 8% risk of failure)
Confirm with . or Enter, or press ? or * to list all spells.
A fiery spirit appears, bound in slag iron.
Something hits your lightning spire.
As you read the scroll labelled PADODUPRAPS, it crumbles to dust.
It is a scroll of identify.
g - 6 scrolls of immolation The ogre hits you from afar with a +0 glaive!
You die...

#########
##...9...##
##OOO......##
##§I####♣##..##
#@9#♣ ##..##
#§§#♣ ##..##
#§§§# ##..##
#...# #..~~
#..~# #..)~
#..~~ #..~~
#..~# #..~)
#i..# #..~~
#).##


You could see an ogre, a friendly lightning spire (summoned) and a friendly
blazeheart golem (summoned).

Vanquished Creatures
  A troll (D:5)
  A black bear (D:5)
  A centaur (D:5)
  A phantom (D:5)
  2 wights (D:7)
  2 adders
  4 orcs
  3 bats
  An endoplasm (D:4)
  A goblin (D:4)
  2 quokkas
  A frilled lizard (D:2)
  3 rats
23 creatures vanquished.

Vanquished Creatures (collateral kills)
  Grinder (D:3)
  A spriggan (Bailey)
  2 water moccasins (D:5)
  2 sky beasts (D:6)
  A black bear (D:4)
  7 ogres
  2 centaurs
  A phantom (D:6)
  2 kobold brigands (D:6)
  2 scorpions (D:4)
  3 wights (D:7)
  3 bombardier beetles
  2 hounds
  2 jellies
  4 iguanas
  A gnoll bouda (D:5)
  3 orc wizards
  7 gnolls
  4 adders
  A shadow imp (D:6)
  2 ufetubi (D:6)
  3 ribbon worms (D:3)
  3 dart slugs
  14 orcs
  5 ball pythons
  5 endoplasms
  2 giant cockroaches
  13 goblins
  7 hobgoblins
  4 jackals (D:4)
  3 quokkas
  2 bats (D:3)
  5 frilled lizards
  12 kobolds
  2 rats
133 creatures vanquished.

Vanquished Creatures (others)
  7 blazeheart cores
7 creatures vanquished.

Grand Total: 163 creatures vanquished

Notes
Turn   | Place    | Note
-------+----------+-------------------------------------------
     0 | D:1      | Autsider the Felid Summoner began the quest for the Orb.
     0 | D:1      | Reached XP level 1. HP: 9/9 MP: 4/4
   224 | D:1      | Reached XP level 2. HP: 13/13 MP: 3/6
   227 | D:1      | Learned a level 2 spell: Call Imp
   664 | D:1      | Found a faded altar of an unknown god.
  1352 | D:2      | Reached XP level 3. HP: 14/16 MP: 4/8
  1356 | D:2      | Learned a level 3 spell: Call Canine Familiar
  2439 | D:3      | Reached XP level 4. HP: 21/21 MP: 3/9
  2439 | D:3      | Gained a life (2 lives remaining)
  2515 | D:3      | Found an iron altar of Okawaru.
  2630 | D:3      | Reached skill level 5 in Summonings
  2872 | D:3      | Noticed Grinder
  2873 | D:3      | Paralysed by Grinder for 4 turns
  2900 | D:3      | Killed Grinder
  2901 | D:3      | Reached skill level 6 in Summonings
  2901 | D:3      | Reached XP level 5. HP: 24/24 MP: 2/12
  2901 | D:3      | Gained mutation: You are covered in thick fur. (AC +2)
                  | [Felid growth]
  2901 | D:3      | Reached XP level 6. HP: 28/28 MP: 2/13
  2906 | D:3      | Learned a level 4 spell: Summon Blazeheart Golem
  3307 | D:4      | Reached skill level 1 in Fire Magic
  3589 | D:4      | Reached XP level 7. HP: 29/32 MP: 12/15
  3594 | D:4      | Learned a level 4 spell: Summon Lightning Spire
  3916 | D:5      | Entered Level 5 of the Dungeon
  3919 | D:5      | Noticed a troll
  3925 | D:5      | Reached skill level 5 in Spellcasting
  3947 | D:4      | Slain by a scorpion
  3947 | D:4      | Lost a life (1 life remaining)
  4065 | D:5      | Slain by a troll
  4065 | D:5      | Lost a life (0 lives remaining)
  4385 | D:5      | Reached XP level 8. HP: 20/36 MP: 6/17
  4385 | D:5      | Gained a life (1 life remaining)
  4432 | D:5      | Found Hosytserr's Jewellery Emporium.
  4462 | D:5      | Reached skill level 7 in Summonings
  4493 | D:5      | Found a shimmering altar of Xom.
  4796 | D:5      | Found a snail-covered altar of Cheibriados.
  4803 | D:5      | Found a shadowy altar of Dithmenos.
  4806 | D:5      | Found a white marble altar of Elyvilon.
  4816 | D:5      | Found a basalt altar of Yredelemnul.
  4920 | D:5      | Killed a troll
  4921 | D:5      | Reached skill level 1 in Fighting
  4921 | D:5      | Reached skill level 1 in Air Magic
  5368 | D:5      | Reached skill level 5 in Fire Magic
  5921 | D:6      | Reached XP level 9. HP: 42/42 MP: 15/19
  6159 | D:6      | Reached skill level 5 in Stealth
  6630 | D:7      | Reached skill level 5 in Dodging
  6768 | D:7      | Found a flagged portal.
  6851 | Bailey   | Entered a bailey
  6913 | Bailey   | Mangled by an ogre
  6913 | Bailey   | Lost a life (0 lives remaining)
  6914 | Bailey   | Reached skill level 8 in Summonings
  6939 | Bailey   | HP: 2/44 [ogre/+0 glaive (24)]
  6948 | Bailey   | Mangled by an ogre

Illustrated notes

Levels and vault maps discovered:
D:1:      scummos_arrival_simple_crosswalls, layout_loops_ring,
          shapermc_ecumenical_altar_ellora, serial_bayou, serial_bayou_crossing,
          serial_bayou_shore_b, serial_bayou_lagoon_a, serial_bayou_shore_b,
          dreamdust_wishing_well
D:2:      layout_basic
D:3:      minmay_bubble_buster, layout_basic, kennysheep_okawaru_gauntlet,
          uniq_grinder
D:4:      layout_basic, serial_park_tiny_pond,
          serial_library_hellmonk_big_corner, kennysheep_boxes
D:5:      nicolae_cairo_tiling_large, layout_loops_corners,
          grunt_temple_overflow_cloverleaf, serial_shops, shop,
          minmay_door_square, minmay_ruined_shrine
D:6:      layout_loops_ring, minivault_1, minmay_misc_feat_ornament
D:7:      layout_basic, minmay_temple_entry_offerings, enter_bailey_5
Bailey:   bailey_polearm_enchanted_keep_hellmonk, bailey

Skill      XL: |  1  2  3  4  5  6  7  8  9 |
---------------+----------------------------+-----
Spellcasting   | 3 4 5 6 |  6.6
Summonings     | 6 7 8 |  8.0
Fire Magic     | 2 4 5 |  5.0
Stealth        | 4 6 |  6.3
Dodging        | 4 5 |  5.8
Fighting       | 2 3 |  3.6
Air Magic      | 2 3 |  3.1

Action                     |  1- 3 |  4- 6 |  7- 9 || total
---------------------------+-------+-------+-------++-------
  Melee: Unarmed           |    23 |    13 |    39 ||    75
         Punch             |     2 |       |       ||     2
         Bite              |     1 |     1 |     8 ||    10
   Cast: Summon Small Mamm |    25 |     7 |     8 ||    40
         Call Imp          |    18 |    15 |    20 ||    53
         Call Canine Famil |    10 |    12 |    38 ||    60
         Summon Blazeheart |       |       |    22 ||    22
         Summon Lightning  |       |       |     8 ||     8
    Use: Scroll            |       |       |     2 ||     2
   Stab: Sleeping          |       |       |     3 ||     3
 Armour: Skin              |    20 |     8 |    62 ||    90
  Dodge: Dodged            |    36 |     9 |    95 ||   140

Table legend: (Time is in decaauts)
 A = Elapsed time spent in this place.
 B = Non-inter-level travel time spent in this place.
 C = Inter-level travel time spent in this place.
 D = Time resting spent in this place.
 E = Time spent auto-exploring this place.
 F = Levels seen in this place.
 G = Mean time per level.
                   A        B        C        D        E       F      G
               +--------+--------+--------+--------+--------+-----+--------+
         Total |   6945 |   6586 |    359 |    585 |   4219 |   8 |  868.1 |
       Dungeon |   6849 |   6490 |    359 |    585 |   4219 |   7 |  978.4 |
        Bailey |     96 |     96 |      0 |      0 |      0 |   1 |   96.0 |
               +--------+--------+--------+--------+--------+-----+--------+

Top non-repeatable levels by time:
     D:5: 1529 daAuts
     D:1: 1142 daAuts
     D:3: 1110 daAuts
     D:6: 1052 daAuts
     D:2: 1024 daAuts
     D:4: 753 daAuts
     D:7: 235 daAuts
  Bailey: 96 daAuts
